 Dungeon Crawl Stone Soup version 0.28-a0-883-gc8d7bad45d (webtiles) character file.

Game seed: 15531724870556297176

46 octoduck the Insei (level 3, 0/23 HPs)
             Began as an Octopode Transmuter on Nov 21, 2021.
             Succumbed to an adder's poison
             ... on level 1 of the Dungeon.
             The game lasted 00:12:04 (2267 turns).

octoduck the Insei (Octopode Transmuter)            Turns: 2267, Time: 00:12:04

Health: 0/23       AC:  1    Str:  9    XL:     3   Next: 68%
Magic:  6/6        EV: 13    Int: 15    God:
Gold:   15         SH:  0    Dex: 13    Spells: 5/6 levels left

rFire   . . .      SeeInvis .     - Unarmed
rCold   . . .      Faith    .   (no shield)
rNeg    . . .      Spirit   .   (helmet restricted)
rPois   .          Reflect  .   d - amulet of the acrobat
rElec   .          Harm     .   f - ring of resist corrosion
rCorr   +          Rampage  .   (no ring)
Will    .....                   (no ring)
Stlth   +++.......              (no ring)
HPRegen 0.07/turn               (no ring)
MPRegen 0.10/turn               (no ring)
                                (no ring)
                                (no ring)

@: lethally poisoned (0 -> -3), unable to read
A: almost no armour, amphibious, 8 rings, camouflage 1, gelatinous body 1,
(nimble swimmer 1), tentacles, inability to read while threatened, MP-powered
wands
a: no special abilities


You were on level 1 of the Dungeon.
You visited 1 branch of the dungeon, and saw 2 of its levels.

You collected 67 gold pieces.
You spent 52 gold pieces at shops.

Inventory:

Jewellery
 d - an amulet of the acrobat (around mantle)
 f - a ring of resist corrosion (left tentacle)
Potions
 i - a potion of cancellation


   Skills:
 - Level 1.0 Fighting
 + Level 2.7 Dodging
 + Level 2.5 Stealth
 + Level 3.5 Unarmed Combat
 - Level 2.0 Spellcasting
 - Level 2.0 Transmutations


You had 5 spell levels left.
You knew the following spells:

 Your Spells              Type           Power      Damage    Failure   Level
a - Beastly Appendage     Tmut           14%        N/A       10%         1

Your spell library contained the following spells:

 Spells                   Type           Power      Damage    Failure   Level
 Wereblood                Tmut           7%         N/A       14%         2
 Freeze                   Ice            4%         1d3       22%         1
 Spider Form              Tmut/Pois      4%         N/A       41%         3
 Frozen Ramparts          Ice            2%         1d2       54%         3
 Ice Form                 Ice/Tmut       4%         N/A       82%         4
 Hailstorm                Conj/Ice       1%         3d3       91%         4


Dungeon Overview and Level Annotations

Branches:
Dungeon (2/15)

Altars:

Shops:
D:1 *   D:2 *


Innate Abilities, Weirdness & Mutations

You cannot wear most types of armour.
You are amphibious.
You can wear up to eight rings at the same time.
Your skin changes colour to match your surroundings (Stealth+).
Your rubbery body absorbs attacks. (AC +1, EV +1)
((You are camouflaged near water. (Stealth+)))
You have tentacles for arms and can constrict up to eight enemies at once.
You sometimes lose the ability to read scrolls when taking damage.
You expend magic power (3 MP) to strengthen your wands.


Message History

The quokka barely misses you.
You closely miss the quokka. You grab the quokka.
The quokka is severely wounded.
You constrict the quokka. The quokka barely misses you.
You tentacle-slap the quokka.
You kill the quokka!
Your tentacle spike disappears.
The adder completely misses you.
There is an escape hatch in the ceiling here.
The adder bites you.
You feel threatened and lose the ability to read scrolls!
A mysterious force pulls you upwards. The hatch slams shut behind you.
You can read scrolls again.
The adder bites you.
You feel threatened and lose the ability to read scrolls!
You are poisoned.
The adder poisons you!
You feel sick.
You feel sick. The adder barely misses you.
You can read scrolls again.
You feel sick.
You feel sick.
You are no longer poisoned.
The adder misses you.
You closely miss the adder. You grab the adder. You constrict the adder.
The adder bites you.
You feel threatened and lose the ability to read scrolls!
You are poisoned.
The adder poisons you!
Drinking this now will have no effect.
You tentacle-slap the adder.
The adder is heavily wounded.
You constrict the adder, but do no damage.
You feel sick. The adder bites you.
* * * LOW HITPOINT WARNING * * *
You cannot read scrolls in your current state!
You tentacle-slap the adder but do no damage.
The adder is heavily wounded.
You constrict the adder.
You die...

#>.♣♣.♣∩∩∩.♣♣♣.⌠.#
#..♣♣∩.....∩♣♣...#
#.♣♣∩..♣♣♣..∩♣♣..#
#.♣♣∩...<...∩♣♣..#
#.♣♣∩..♣♣♣..∩♣♣..#
#..♣♣∩.....∩♣♣...#
#>.♣♣♣♣∩g∩♣♣♣♣.>.#
###.♣♣♣♣S♣♣♣♣.####
##..♣♣@♣♣..##
##.......##
########...##
#.........##
#.######.## #.#
#.# #.# #.# #.#
#.# #.# #.#


You could see an adder and a hobgoblin.

Vanquished Creatures
  A worm (D:2)
  A dart slug (D:1)
  3 ball pythons (D:1)
  2 endoplasms
  2 goblins (D:1)
  7 hobgoblins
  4 jackals (D:2)
  5 quokkas
  2 bats
  A frilled lizard (D:2)
  3 kobolds
  4 rats (D:1)
35 creatures vanquished.

Notes
Turn   | Place    | Note
-------+----------+-------------------------------------------
     0 | D:1      | octoduck the Octopode Transmuter began the quest for the
                  | Orb.
     0 | D:1      | Reached XP level 1. HP: 13/13 MP: 3/3
   434 | D:1      | Reached skill level 1 in Stealth
   633 | D:1      | Reached XP level 2. HP: 10/18 MP: 5/5
  1182 | D:1      | Found Pegeh's Assorted Antiques.
  1262 | D:1      | Reached XP level 3. HP: 21/23 MP: 6/6
  1764 | D:1      | Gained mutation: You sometimes lose the ability to read
                  | scrolls when taking damage. [potion of mutation]
  1764 | D:1      | Gained mutation: You are clumsy. (Dex -2) [potion of
                  | mutation]
  1764 | D:1      | Lost mutation: You are clumsy. (Dex -2) [potion of
                  | mutation]
  1764 | D:1      | Gained mutation: You expend magic power (3 MP) to
                  | strengthen your wands. [potion of mutation]
  1925 | D:2      | Found Qophutil's Assorted Antiques.
  1936 | D:2      | Bought a scroll of identify for 52 gold pieces
  2266 | D:1      | HP: 1/23 [adder (5)]
  2267 | D:1      | Succumbed to an adder's poison

Illustrated notes

Levels and vault maps discovered:
D:1:      heliophobic_arrival_henge, layout_basic, serial_shops,
          nicolae_shop_crystal, minmay_tromino_v7
D:2:      layout_basic, serial_shops, shop

Skill      XL: |  1  2 |
---------------+-------+-----
Stealth        | 1 2 |  2.5
Fighting       | |  1.0
Dodging        | |  2.7
Unarmed Combat | |  3.5
Spellcasting   | |  2.0
Transmutations | |  2.0

Action                   || total
-------------------------++-------
Melee: Unarmed           ||    82
       Constrict         ||    24
       Tentacles         ||    15
       Kick              ||     9
 Cast: Beastly Appendage ||    14
  Use: Scroll            ||     6
       Potion            ||     1
 Stab: Sleeping          ||     3
Armor: Skin              ||     4
Dodge: Dodged            ||    47

Table legend: (Time is in decaauts)
 A = Elapsed time spent in this place.
 B = Non-inter-level travel time spent in this place.
 C = Inter-level travel time spent in this place.
 D = Time resting spent in this place.
 E = Time spent auto-exploring this place.
 F = Levels seen in this place.
 G = Mean time per level.
                   A        B        C        D        E       F      G
               +--------+--------+--------+--------+--------+-----+--------+
         Total |   2265 |   2034 |    231 |    653 |    343 |   2 | 1132.5 |
       Dungeon |   2265 |   2034 |    231 |    653 |    343 |   2 | 1132.5 |
               +--------+--------+--------+--------+--------+-----+--------+

Top non-repeatable levels by time:
     D:1: 1465 daAuts
     D:2: 800 daAuts
